 Dungeon Crawl Stone Soup version 0.16.1-12-gf5c4a84 (webtiles) character file.

7064 jacksonaction the Grappler (level 10, 71/71 HPs)
             Began as a Purple Draconian Transmuter on Apr 10, 2015.
             Was a Priest of Okawaru.
             Quit the game on level 9 of the Dungeon.
             The game lasted 01:35:34 (12150 turns).

jacksonaction the Grappler (DrTm)                  Turns: 12150, Time: 01:35:34

Health: 71/71      AC: 13    Str: 14    XL:     10   Next: 83%
Magic:  26/26      EV: 15    Int: 14    God:    Okawaru [***...]
Gold:   203        SH:  0    Dex: 13    Spells: 4 memorised, 12 levels left

rFire  . . .     SeeInvis .       - Unarmed
rCold  . . .     Clarity  .     (armour unavailable)
rNeg   . . .     SustAb   .     (no shield)
rPois  +         Gourm    .     K - +2 hat {MR+}
rElec  .         Spirit   .     M - +0 cloak
rCorr  .         Warding  .     z - +0 pair of gloves (curse)
rMut   .         Stasis   .     S - +1 pair of boots
MR     ++...                    (no amulet)
Stlth  +.........               d - ring of poison resistance
                                A - +2 ring of evasion

@: very resistant to hostile enchantments, very unstealthy
A: breathe power, unfitting armour, cold-blooded, AC +7
a: Breathe Dispelling Energy, Heroism, Renounce Religion


You were on level 9 of the Dungeon.
You worshipped Okawaru.
Okawaru was most pleased with you.
You were hungry.

You visited 2 branches of the dungeon, and saw 10 of its levels.

You collected 379 gold pieces.
You spent 176 gold pieces at shops.

Inventory:

Missiles
 e - 120 stones (quivered)
 F - 3 throwing nets
 J - 27 poisoned needles
 N - 3 tomahawks
Armour
 z - a cursed +0 pair of gloves (worn)
 K - a +2 hat of magic resistance (worn)
 M - a +0 cloak (worn)
 S - a +1 pair of boots (worn)
Jewellery
 d - a ring of poison resistance (right hand)
 u - an uncursed ring of protection from magic
 A - a +2 ring of evasion (left hand)
 G - an uncursed ring of stealth
Magical devices
 h - a wand of random effects (39)
 k - a wand of polymorph (2)
Scrolls
 b - 2 scrolls of amnesia {unknown}
 g - 6 scrolls of identify
 n - 5 scrolls of remove curse
 r - 2 scrolls of magic mapping {unknown}
 v - 2 scrolls of immolation {unknown}
 w - 5 scrolls of enchant armour
 y - 10 scrolls of teleportation
 C - a scroll of recharging {unknown}
 E - a scroll of fear {unknown}
 H - a scroll of random uselessness {unknown}
Potions
 c - 8 potions of brilliance
 i - 2 potions of cancellation {unknown}
 j - 3 potions of restore abilities {unknown}
 m - 3 potions of might
 o - 2 potions of agility {unknown}
 q - 4 potions of curing {unknown}
 s - a potion of poison {unknown}
 t - a potion of cure mutation {unknown}
 x - a potion of ambrosia {unknown}
 B - a potion of lignification {unknown}
 I - 2 potions of heal wounds
 O - a potion of flight {unknown}
Books
 D - a book of Air

   Spells                             Type                      Level
   a - Shock                          Conjuration/Air              1
   b - Swiftness                      Charms/Air                   2
   c - Repel Missiles                 Charms/Air                   2
   d - Flight                         Charms/Air                   3
   e - Static Discharge               Conjuration/Air              3
   f - Lightning Bolt                 Conjuration/Air              5
 L - a book of Cantrips

   Spells                             Type                      Level
   a - Corona                         Hexes                        1
   b - Animate Skeleton               Necromancy                   1
   c - Summon Small Mammal            Summoning                    1
   d - Apportation                    Translocation                1
 P - a book of Flames

   Spells                             Type                      Level
   a - Flame Tongue                   Conjuration/Fire             1
   b - Throw Flame                    Conjuration/Fire             2
   c - Conjure Flame                  Conjuration/Fire             3
   d - Inner Flame                    Hexes/Fire                   3
   e - Sticky Flame                   Conjuration/Fire             4
   f - Fireball                       Conjuration/Fire             5
 Q - a book of Clouds

   Spells                             Type                      Level
   a - Mephitic Cloud                 Conjuration/Poison/Air       3
   b - Conjure Flame                  Conjuration/Fire             3
   c - Poisonous Cloud                Conjuration/Poison/Air       6
   d - Freezing Cloud                 Conjuration/Ice/Air          6
   e - Ring of Flames                 Charms/Fire                  7
Comestibles
 a - 5 bread rations
 f - 4 beef jerkies
 l - 6 meat rations
 p - 3 royal jellies


   Skills:
 - Level 1.1 Fighting
 + Level 2.6 Dodging
 - Level 11.0 Unarmed Combat
 - Level 8.2 Spellcasting
 - Level 10.0 Transmutations
 - Level 4.2 Invocations


You had 12 spell levels left.
You knew the following spells:

 Your Spells              Type           Power        Failure   Level  Hunger
a - Beastly Appendage     Trmt           ####..       1%          1    None
b - Spider Form           Trmt/Pois      ###.......   6%          3    ##.....
c - Blade Hands           Trmt           ####......   8%          5    #####..
d - Ice Form              Ice/Trmt       ###.....     17%         4    ####...


Dungeon Overview and Level Annotations

Branches:
Dungeon (9/15)             Temple (1/1) D:7
   Lair: D:8-11         Orc: D:9-12

Altars:
Ashenzari
Cheibriados
Dithmenos
Elyvilon
Fedhas
Gozag
Kikubaaqudgha
Makhleb
Nemelex Xobeh
Okawaru
Qazlal
Ru
Sif Muna
Trog
Vehumet
Xom
Yredelemnul
Zin
The Shining One

Shops:
D:4 (

Annotations:
D:3 senatormeow's ghost, average MiHu


Innate Abilities, Weirdness & Mutations

You can breathe bolts of energy.
You can dispel enchantments when you breathe energy.
Your rich purple scales are hard (AC +7).
Your body does not fit into most forms of armour.
Your cold-blooded metabolism reacts poorly to cold.


Message History

You see here a shapeshifter corpse.
You start resting.
Your transformation is almost over.
You start resting.
Your hands revert to their normal proportions.
Your cursed +0 pair of gloves unmelds from your body.
You start resting.
Magic restored.
You start resting.
You are feeling hungry.
Use which ability? (? or * to list)
Okay, then.
HP restored.
O - a fizzy emerald potion
Found a plate armour.
A hobgoblin comes into view. It is wielding a club.
A centaur skeleton comes into view.
The hobgoblin shouts!
You see here a bread ration.
Are you sure you want to abandon this character and quit the game? (Confirm with "yes".)

...# ####[[#
###...##..[...
##....#....####
........<..## #
............###
##..#...........# P
##..##....##......
PP...###..###....###.....
P..P.g..@.##......##.....
PP.......[...###.........
...........## ##......#.
.P...Z###.## #.....##.
.....# #..# ##....###.
..#. #..#####....####. ##
............# #.<
.##...######.###.. # #..
##......


You could see a hobgoblin and a centaur skeleton.

Vanquished Creatures
  Gastronok (D:8)
  Pikel (D:9)
  The ghost of Seakingmako the Skirmisher, an average DrSk of Okawaru (D:5)
  A jumping spider (shapeshifter) (D:9)
  The ghost of digdugdiggy the Conjurer, an average OpCj (D:4)
  A hungry ghost (D:8)
  Grum (D:8)
  A hippogriff (D:7)
  Edmund (D:5)
  Menkaure (D:5)
  3 wolves (D:8)
  A water moccasin (D:8)
  An ice beast (D:6)
  A sky beast (D:9)
  3 black bears
  3 slaves (D:9)
  A necrophage (D:8)
  3 phantoms
  3 ogres
  Sigmund (D:3)
  5 centaurs
  4 giant frogs
  A big kobold (D:7)
  A gnoll sergeant (D:4)
  2 scorpions
  4 killer bees (D:6)
  A quasit (D:7)
  9 wights
  A goliath beetle (D:7)
  5 crimson imps
  2 orc priests
  4 hounds
  Crazy Yiuf (D:5)
  A centaur zombie (D:9)
  3 jellies
  6 orc wizards
  2 centaur skeletons
  5 worker ants
  2 hound zombies (D:7)
  A worker ant zombie (D:6)
  7 adders
  14 gnolls
  3 shadow imps
  A giant mite (D:6)
  3 worms
  An adder zombie (D:8)
  8 giant geckos
  32 orcs
  A ball python (D:6)
  A bat skeleton (D:6)
  2 bat zombies
  7 giant cockroaches
  17 hobgoblins
  4 quokkas
  13 bats
  A giant gecko skeleton (D:8)
  2 giant newts
  9 goblins
  23 jackals
  20 kobolds
  15 rats
  A plant (Temple)
275 creatures vanquished.

Vanquished Creatures (others)
  A slave (D:9)
1 creature vanquished.

Grand Total: 276 creatures vanquished

Notes
Turn   | Place    | Note
--------------------------------------------------------------
     0 | D:1      | jacksonaction, the Draconian Transmuter, began the quest for the Orb.
     0 | D:1      | Reached XP level 1. HP: 16/16 MP: 3/3
   182 | D:1      | Reached XP level 2. HP: 21/23 MP: 2/4
   794 | D:2      | Reached XP level 3. HP: 17/28 MP: 6/6
   908 | D:2      | Learned a level 3 spell: Spider Form
  1180 | D:2      | Reached skill level 4 in Transmutations
  1453 | D:2      | Found a shattered altar of Ashenzari.
  1499 | D:2      | Reached XP level 4. HP: 26/35 MP: 0/7
  2173 | D:3      | Noticed Sigmund
  2173 | D:3      | Noticed senatormeow's ghost (average MiHu)
  2519 | D:3      | Killed Sigmund
  2519 | D:3      | Reached skill level 5 in Transmutations
  2519 | D:3      | Reached XP level 5. HP: 28/40 MP: 6/9
  3087 | D:3      | Reached skill level 6 in Transmutations
  3395 | D:3      | Reached XP level 6. HP: 34/47 MP: 8/10
  3511 | D:4      | Learned a level 5 spell: Blade Hands
  3515 | D:4      | Found a burning altar of Makhleb.
  3515 | D:4      | Found a shimmering altar of Xom.
  3534 | D:4      | Paralysed by a crimson imp for 6 turns
  3697 | D:4      | Noticed a phantom
  3726 | D:4      | Killed a phantom
  3832 | D:4      | Noticed a phantom
  4063 | D:4      | Found a white marble altar of Elyvilon.
  4104 | D:4      | Noticed digdugdiggy's ghost (average OpCj)
  4339 | D:4      | HP: 2/47 [gnoll sergeant/trident (3)]
  4684 | D:4      | Noticed a black bear
  4694 | D:4      | Killed a black bear
  4694 | D:4      | Your scales start taking on a rich purple colour.
  4694 | D:4      | Reached XP level 7. HP: 44/52 MP: 12/15
  4776 | D:4      | Reached skill level 7 in Transmutations
  4919 | D:4      | Killed digdugdiggy's ghost
  4919 | D:4      | Reached skill level 5 in Spellcasting
  5760 | D:4      | Found Laubla's Antique Weapon Emporium.
  5772 | D:4      | Bought a twisted short sword for 176 gold pieces
  5774 | D:4      | Identified the +2 short sword "Ucewigge" {holy, rElec MP+9 Str+4 Int-3 Dex-4} (You bought it in a shop on level 4 of the Dungeon)
  5932 | D:4      | Found a blossoming altar of Fedhas.
  6217 | D:4      | Reached XP level 8. HP: 46/59 MP: 15/21
  6261 | D:4      | Killed a phantom
  6261 | D:4      | Reached skill level 8 in Transmutations
  6370 | D:4      | Learned a level 4 spell: Ice Form
  6422 | D:5      | Entered Level 5 of the Dungeon
  6455 | D:5      | Found a stormy altar of Qazlal.
  6728 | D:5      | Noticed Menkaure
  6755 | D:5      | Killed Menkaure
  6910 | D:5      | Noticed Edmund
  6920 | D:5      | Killed Edmund
  6925 | D:5      | Noticed Seakingmako's ghost (average DrSk)
  6942 | D:5      | Killed Seakingmako's ghost
  6942 | D:5      | Reached skill level 9 in Transmutations
  7378 | D:5      | Noticed Crazy Yiuf
  7432 | D:5      | Killed Crazy Yiuf
  7867 | D:6      | Reached XP level 9. HP: 62/64 MP: 19/24
  7930 | D:6      | Reached skill level 10 in Transmutations
  8339 | D:6      | Found an iron altar of Okawaru.
  8750 | D:7      | Found a staircase to the Ecumenical Temple.
  8759 | Temple   | Entered the Ecumenical Temple
  9333 | D:7      | Reached skill level 5 in Unarmed Combat
 10203 | D:6      | Became a worshipper of Warmaster Okawaru
 10819 | D:8      | Noticed Grum
 10827 | D:8      | Reached XP level 10. HP: 54/71 MP: 21/26
 10836 | D:8      | Killed Grum
 10839 | D:8      | Acquired Okawaru's first power
 11451 | D:8      | Noticed Gastronok
 11467 | D:8      | Killed Gastronok
 11467 | D:8      | Reached skill level 10 in Unarmed Combat
 11633 | D:8      | Reached skill level 11 in Unarmed Combat
 11744 | D:9      | Noticed Pikel
 11760 | D:9      | Killed Pikel
 11979 | D:9      | Found a white marble altar of Elyvilon.
 12150 | D:9      | Quit the game

Action                   |  1- 3 |  4- 6 |  7- 9 | 10-12 || total
-------------------------+-------+-------+-------+-------++-------
Melee: Unarmed           |   147 |   274 |   548 |   129 ||  1098
       Scythe            |       |    23 |       |       ||    23
       Dagger            |       |    28 |       |       ||    28
Throw: Stone             |    50 |    28 |    35 |     1 ||   114
       Tomahawk          |       |       |     8 |       ||     8
 Cast: Beastly Appendage |    14 |    23 |    18 |       ||    55
       Spider Form       |     2 |    12 |    18 |       ||    32
       Blade Hands       |       |       |    26 |    13 ||    39
  Use: Potion            |       |     4 |       |       ||     4
       Scroll            |       |     1 |       |     3 ||     4
  Eat: Chunk             |     3 |    13 |    27 |     8 ||    51
       Pizza             |       |       |     1 |       ||     1
       Fruit             |       |       |     3 |       ||     3
